 Dungeon Crawl Stone Soup version 0.20-a0-256-gabb291d (webtiles) character file.

163 Lochraine the Firebug (level 5, -7/31 HPs)
             Began as an Octopode Fire Elementalist on Dec 1, 2016.
             Mangled by Duvessa
             ... wielding a +0 short sword
              (9 damage)
             ... on level 3 of the Dungeon.
             The game lasted 00:09:40 (2433 turns).

Lochraine the Firebug (Octopode Fire Elementalist)  Turns: 2433, Time: 00:09:41

Health: -7/31      AC:  1    Str:  5 (7)  XL:     5   Next: 44%
Magic:  7/9        EV: 13    Int: 15 (18) God:
Gold:   92         SH:  0    Dex: 10 (13) Spells: 4/10 levels left

rFire  . . .     SeeInvis .     b - +0 dagger (venom)
rCold  . . .     Gourm    .     (no shield)
rNeg   . . .     Faith    .     (helmet restricted)
rPois  .         Spirit   .     (no amulet)
rElec  .         Reflect  .     o - ring of resist corrosion
rCorr  +         Harm     .     (no ring)
MR     .....                    (no ring)
Stlth  +++.......               (no ring)
                                (no ring)
                                (no ring)
                                (no ring)
                                (no ring)

@: very slightly contaminated
A: almost no armour, stealthy swim, amphibious, 8 rings, constrict 8, camouflage
1, gelatinous body 1
a: no special abilities


You were on level 3 of the Dungeon.
You were not hungry.

You visited 1 branch of the dungeon, and saw 4 of its levels.

You collected 92 gold pieces.

Inventory:

Hand Weapons
 a - a +1 short sword of venom
 b - a +0 dagger of venom (weapon)
 j - a +0 dagger
 v - a +1 mace of protection
Jewellery
 o - a ring of resist corrosion (left tentacle)
Scrolls
 c - a scroll of identify
 d - a scroll of blinking {unknown}
 e - 3 scrolls of remove curse
 l - a scroll of enchant armour {unknown}
 n - a scroll of teleportation {unknown}
 p - a scroll of immolation {unknown}
 q - a scroll of fear {unknown}
 r - a scroll of random uselessness
 s - a scroll of magic mapping
Potions
 m - a potion of ambrosia
Books
 i - a book of Flames

   Spells                             Type                      Level
   a - Flame Tongue                   Conjuration/Fire             1
   b - Throw Flame                    Conjuration/Fire             2
   c - Conjure Flame                  Conjuration/Fire             3
   d - Inner Flame                    Hexes/Fire                   3
   e - Sticky Flame                   Conjuration/Fire             4
   f - Fireball                       Conjuration/Fire             5
Comestibles
 k - 2 bread rations
 t - a meat ration
 u - 2 chunks of flesh


   Skills:
 - Level 2.0 Dodging
 - Level 2.6 Stealth
 + Level 3.3 Spellcasting
 + Level 3.1 Conjurations
 + Level 4.0 Fire Magic


You had 4 spell levels left.
You knew the following spells:

 Your Spells              Type           Power        Failure   Level  Hunger
a - Flame Tongue          Conj/Fire      ##...        6%          1    #......
b - Throw Flame           Conj/Fire      ##....       10%         2    ##.....
c - Conjure Flame         Conj/Fire      ##......     17%         3    ###....


Dungeon Overview and Level Annotations

Branches:
Dungeon (4/15)
 Temple: D:4-7

Altars:
Nemelex Xobeh
Vehumet

Annotations:
D:3 Dowan; Duvessa; Zorot's ghost, amateur GrBe


Innate Abilities, Weirdness & Mutations

You cannot wear most types of armour.
You are very stealthy in the water. (Stealth+)
You are amphibious.
You can wear up to eight rings at the same time.
You can use your tentacles to constrict eight enemies at once.
Your skin changes colour to match your surroundings (Stealth+).
Your rubbery body absorbs attacks. (AC +1, EV +1)


Message History

You are very lightly contaminated with residual magic.
Strange energies run through your body. Duvessa hits you with a short sword!
* * * LOW HITPOINT WARNING * * *
Okay, then.
It was a potion of degeneration.
There was something very wrong with that liquid.
You feel weakened.
You feel dopey.
You feel clumsy. Duvessa closely misses you.
Dowan gestures wildly while chanting.
Dowan blinks!
Duvessa closely misses you.
It was a potion of curing.
You feel better. Duvessa misses you.
As you read the scroll labeled XAIXZE ROUPT, it crumbles to dust.
You hear a lullaby played backwards.
It was a scroll of random uselessness.
Duvessa barely misses you. Duvessa hits you with a short sword!
* * * LOW HITPOINT WARNING * * *
As you read the scroll labeled PUIBUG NAOF YBUL, it crumbles to dust.
You feel aware of your surroundings.
It was a scroll of magic mapping.
Duvessa hits you with a short sword!
You die...

***** #..# *## ##* #...
*,,,###.##*##8###8##*###.
*,,,#...>##8...8...8##...
**,,,###..##.........##...
*,,,,,*#..#>........._#...
*,,,,,*#..##.........##..#
*,,,,,*#.e##8...8...8##..#
*,***,*##e#*##8###8##*#..#
*,***,*##@########### #..#
*,,,#.##............###...
***,#..........#....#...#.
*,####......##......####
**,*######.#..(....### *
*,,................# *
*,,.#####....[.##### *
*,,,* #......# * *,,,*
#......#*********


You could see Duvessa and Dowan.

Vanquished Creatures
  An orc priest (D:3)
  Terence (D:2)
  3 adders (D:2)
  2 oozes
  A dart slug (D:1)
  3 leopard geckos
  8 orcs (D:3)
  2 ball pythons
  3 giant cockroaches
  6 goblins
  10 hobgoblins
  4 jackals (D:2)
  7 kobolds
  2 bats (D:2)
  3 frilled lizards
  3 rats
59 creatures vanquished.

Notes
Turn   | Place    | Note
-------+----------+-------------------------------------------
     0 | D:1      | Lochraine the Octopode Fire Elementalist began the quest for the Orb.
     0 | D:1      | Reached XP level 1. HP: 11/11 MP: 3/3
   327 | D:1      | Reached XP level 2. HP: 17/17 MP: 5/5
   625 | D:1      | Learned a level 2 spell: Throw Flame
   902 | D:1      | Found a sparkling altar of Nemelex Xobeh.
  1076 | D:1      | Reached XP level 3. HP: 21/21 MP: 0/6
  1245 | D:2      | Learned a level 3 spell: Conjure Flame
  1271 | D:2      | Noticed Terence
  1280 | D:2      | Killed Terence
  1349 | D:2      | Reached XP level 4. HP: 26/27 MP: 8/8
  1985 | D:3      | Noticed Zorot's ghost (amateur GrBe)
  2123 | D:3      | Reached XP level 5. HP: 31/31 MP: 9/9
  2186 | D:3      | Reached skill level 4 in Fire Magic
  2287 | D:3      | Found a radiant altar of Vehumet.
  2416 | D:4      | Noticed Duvessa
  2416 | D:4      | Noticed Dowan
  2433 | D:3      | Mangled by Duvessa

Vault maps used:
D:1:      mrwooster_arrival_statue_3, kennysheep_crisscross,
          nemelex_diamond_rough_becter
D:2:      minmay_misc_feat_square, uniq_terence
D:3:      wad_pebble_path, nicolae_overflow_hidden_temple, first_bread,
          uniq_sigmund
D:4:      nicolae_dithmenos_through_a_glass_darkly, serial_shops, shop,
          serial_glass, glass_columns_a, glass_columns_a, glass_columns_a,
          glass_columns_a, glass_columns_c, glass_columns_a,
          nicolae_ru_the_path_less_chosen, uniq_pikel, uniq_blork_the_orc,
          uniq_duvessa, uniq_grinder, uniq_edmund

Skill      XL: |  1  2  3  4  5 |
---------------+----------------+-----
Conjurations   | 2 3 |  3.1
Spellcasting   | 3 |  3.3
Fire Magic     | 4 |  4.0
Dodging        | |  2.0
Stealth        | |  2.6

Action                   |  1- 3 |  4- 6 || total
-------------------------+-------+-------++-------
Melee: Unarmed           |    25 |       ||    25
       Tentacles         |     6 |     8 ||    14
       Constrict         |     8 |    21 ||    29
       Dagger            |     8 |     1 ||     9
       Short sword       |     2 |    65 ||    67
 Cast: Flame Tongue      |    23 |    25 ||    48
       Conjure Flame     |       |     2 ||     2
       Throw Flame       |       |     1 ||     1
  Use: Potion            |       |     4 ||     4
       Scroll            |       |     4 ||     4
 Stab: Sleeping          |     9 |     5 ||    14
       Distracted        |       |     1 ||     1
  Eat: Chunk             |     1 |     4 ||     5
Armor: Skin              |       |     6 ||     6
Dodge: Dodged            |    23 |    76 ||    99
